[Event "Titled Tuesday Blitz November 14 Early 2023"]
[White "Aaditya Dhingra"]
[Black "Cherniaiev, Tykhon"]
[WhiteFideId "25678191"]
[BlackFideId "14182360"]
[WhiteElo "2619"]
[BlackElo "2836"]
[Result "0-1"]
[Round "8"]
[TimeControl "180+1"]
[Date "2023.11.14"]
[WhiteClock "0:01:20"]
[BlackClock "0:02:16"]
[Board "37"]

1. e4 e5 2. Nf3 Nc6 3. Bc4 Bc5 4. c3 Nf6 5. d3 d6 6. a4 a6 7. a5 h6 8. Nbd2 Qe7 9. h3 Ba7 10. Nf1 Be6 11. Ne3 O-O 12. g4 Bxe3 13. Bxe3 Bxc4 14. dxc4 Nxe4 15. Qc2 Nc5 16. Bxc5 dxc5 17. Qe4 Rad8 18. h4 Qd7 19. O-O f5 20. gxf5 Qxf5 21. Qxf5 Rxf5 22. Kg2 Rf4 23. Kg3 Rd3 0-1


[Site "https://www.chess.com"]

[Event "Titled Tuesday Blitz November 14 Early 2023"]
[White "Samsonkin, Artiom"]
[Black "Ambartsumova, Karina"]
[WhiteFideId "13503111"]
[BlackFideId "4166299"]
[WhiteElo "2827"]
[BlackElo "2599"]
[Result "1/2-1/2"]
[Round "8"]
[TimeControl "180+1"]
[Date "2023.11.14"]
[WhiteClock "0:00:06"]
[BlackClock "0:00:08"]
[Board "38"]

1. e4 e5 2. Nf3 Nc6 3. d4 exd4 4. Bc4 Nf6 5. e5 d5 6. Bb5 Ne4 7. Nxd4 Bd7 8. Bxc6 bxc6 9. O-O Bc5 10. f3 Ng5 11. Be3 O-O 12. f4 Ne4 13. Nd2 f6 14. Nxe4 dxe4 15. Qe2 Qe7 16. Kh1 fxe5 17. Qc4+ Kh8 18. Nxc6 Bxc6 19. Bxc5 Qf7 20. Qxf7 Rxf7 21. fxe5 Rxf1+ 22. Rxf1 Bd5 23. b3 h6 24. c4 Be6 25. Kg1 Rd8 26. Bxa7 Ra8 27. Bc5 Rxa2 28. Rf8+ Kh7 29. Re8 Bg4 30. e6 Re2 31. Kf1 e3 32. h3 Bh5 33. Rf8 Rb2 34. Bxe3 Rxb3 35. Bd4 Rd3 36. Rd8 c5 37. Bf6 Rxd8 38. Bxd8 Kg8 39. Be7 Bg6 40. Ke2 Be4 41. Bxc5 Bxg2 42. h4 Bh3 43. e7 Kf7 44. Ke3 Be6 45. Kd4 g5 46. h5 Bg4 47. Bd6 Bxh5 48. c5 Bg4 49. Kd5 h5 50. c6 h4 51. c7 Be6+ 52. Kc6 g4 53. Kb7 g3 54. c8=Q Bxc8+ 55. Kxc8 Ke8 56. Kc7 g2 57. Bh2 Kxe7 58. Kc6 Ke6 59. Kc5 Kf5 60. Kd4 Kg4 61. Ke3 Kh3 62. Bg1 Kg3 63. Bf2+ Kh2 64. Kf3 h3 65. Kg4 g1=Q+ 66. Bxg1+ Kxg1 67. Kxh3 1/2-1/2


[Site "https://www.chess.com"]

[Event "Titled Tuesday Blitz November 14 Early 2023"]
[White "Dragun, Kamil"]
[Black "arenal72"]
[WhiteFideId "1134167"]
[WhiteElo "2823"]
[BlackElo "2510"]
[Result "1-0"]
[Round "8"]
[TimeControl "180+1"]
[Date "2023.11.14"]
[WhiteClock "0:00:07"]
[BlackClock "0:00:05"]
[Board "39"]

1. d4 d6 2. c4 e5 3. Nf3 e4 4. Ng5 f5 5. Nc3 Be7 6. Nh3 Nf6 7. Nf4 O-O 8. Nfd5 Nxd5 9. Nxd5 c6 10. Nxe7+ Qxe7 11. Bf4 g5 12. Bd2 f4 13. e3 Qf7 14. h4 fxe3 15. Bxe3 g4 16. h5 g3 17. fxg3 Qg7 18. Be2 Qxg3+ 19. Kd2 Na6 20. h6 Nb4 21. Rh5 Rf5 22. Rxf5 Bxf5 23. Qb3 c5 24. Rf1 Bg6 25. a3 cxd4 26. c5+ d5 27. axb4 dxe3+ 28. Qxe3 Qe5 29. Kc1 a5 30. b5 d4 31. Bc4+ Kh8 32. Qf4 Qxf4+ 33. Rxf4 Rc8 34. Kd2 e3+ 35. Ke2 Rd8 36. c6 bxc6 37. bxc6 d3+ 38. Kxe3 d2 39. Be2 Kg8 40. c7 Rc8 41. Bc4+ Kh8 42. Kxd2 a4 43. Be6 1-0


[Site "https://www.chess.com"]

[Event "Titled Tuesday Blitz November 14 Early 2023"]
[White "Finek, Vaclav"]
[Black "Le, Tuan Minh"]
[WhiteFideId "23718293"]
[BlackFideId "12401153"]
[WhiteElo "2706"]
[BlackElo "3038"]
[Result "1-0"]
[Round "8"]
[TimeControl "180+1"]
[Date "2023.11.14"]
[WhiteClock "0:02:32"]
[BlackClock "0:00:00"]
[Board "40"]

1. Nf3 d5 2. d4 Nf6 3. c4 c6 4. Qc2 dxc4 5. Qxc4 Bg4 6. Nbd2 Nbd7 7. g3 e6 8. Bg2 Be7 9. O-O O-O 10. Qb3 Qb6 11. Nc4 Qa6 12. Bd2 Rfd8 13. Rfd1 1-0


[Site "https://www.chess.com"]

[Event "Titled Tuesday Blitz November 14 Early 2023"]
[White "Danielyan, Vahe"]
[Black "BardArtem"]
[WhiteFideId "13304828"]
[WhiteElo "2701"]
[BlackElo "2829"]
[Result "0-1"]
[Round "8"]
[TimeControl "180+1"]
[Date "2023.11.14"]
[WhiteClock "0:00:00"]
[BlackClock "0:00:07"]
[Board "41"]

1. e4 e5 2. Nc3 Nc6 3. g3 Nf6 4. Bg2 Bc5 5. Nge2 Nd4 6. Nxd4 Bxd4 7. O-O d6 8. d3 h5 9. Bg5 c6 10. Ne2 Bxb2 11. Rb1 Ba3 12. d4 exd4 13. Nxd4 Bc5 14. e5 dxe5 15. Nxc6 Qxd1 16. Rfxd1 Bg4 17. Re1 O-O 18. Nxe5 Be6 19. Bxb7 Rab8 20. a4 Bb6 21. Bf3 Ng4 22. Nd3 Rfc8 23. Bf4 Nxf2 24. Nxf2 Rxc2 25. Be3 Rd8 26. Bxb6 axb6 27. Re2 Rc3 28. Be4 g6 29. Rxb6 Rd4 30. Kg2 Rxa4 31. Rb8+ Kg7 32. Rbb2 Rca3 33. Bf3 h4 34. g4 Rd4 35. h3 Rf4 36. Be4 Rg3+ 37. Kh2 f5 38. Bg2 fxg4 39. Rxe6 gxh3 40. Nxh3 Rd4 41. Re7+ Kf6 42. Reb7 g5 43. R7b6+ Ke5 44. R6b5+ Kf6 45. Rf2+ Kg6 46. Rb6+ Kg7 47. Rff6 g4 48. Rg6+ Kf7 49. Rbf6+ Ke7 50. Ng5 Rd2 51. Re6+ Kd7 52. Rg7+ Kd8 53. Rg8+ Kd7 54. Rg7+ Kd8 55. Nf7+ Kc8 56. Rg8+ Kd7 57. Rd8+ Kxe6 58. Ng5+ Kf5 59. Rxd2 Kxg5 60. Rd5+ Kf4 61. Rd4+ Kg5 62. Rd5+ Kf4 63. Rd4+ Ke3 64. Re4+ Kf2 65. Rf4+ Ke3 66. Rf8 Kd4 67. Rh8 Re3 68. Rxh4 Ke5 69. Rxg4 Kf5 70. Ra4 Re5 71. Bf3 Kg5 72. Kg3 Rf5 73. Ra6 Re5 74. Rd6 Rf5 75. Be4 Rf6 76. Rd5+ Kh6 77. Kg4 Re6 78. Rh5+ Kg7 79. Kf5 Rh6 80. Rg5+ Kf7 81. Bd5+ Ke7 82. Ke5 Rh7 83. Be6 Rh2 84. Rg7+ Kf8 85. Ra7 Ke8 86. Kd6 Rd2+ 87. Bd5 Kf8 88. Rf7+ Ke8 89. Rg7 Rf2 90. Bc4 Rf4 91. Be6 Rf2 92. Rg3 Rf1 93. Bd5 Rf2 94. Rg4 Rf6+ 95. Be6 Rf1 96. Rg8+ Rf8 97. Rg1 Rf2 98. Rh1 Rd2+ 99. Bd5 Kf8 100. Rh8+ Kg7 101. Rf8 Kxf8 102. Ke5 Kg7 103. Be4 Rb2 104. Kf4 Rb4 105. Ke5 Kf8 106. Bd5 Ke7 107. Bg8 Rb5+ 108. Bd5 Ra5 109. Kd4 Kd6 110. Bc4 Ra4 111. Kc3 Kc5 112. Bb3 Ra3 113. Kb2 Kb4 114. Bc2 Rg3 115. Bf5 Rg2+ 116. Bc2 Rh2 117. Kb1 Kc3 118. Bg6 Rg2 119. Bf5 Rf2 120. Be4 Rb2+ 121. Ka1 Re2 122. Bg6 Kb3 123. Bb1 Ka3 124. Bd3 Rd2 125. Bb1 Kb3 126. Bg6 Rh2 127. Be4 Re2 128. Bb1 Rf2 129. Bd3 Ra2+ 130. Kb1 Rd2 0-1


[Site "https://www.chess.com"]

[Event "Titled Tuesday Blitz November 14 Early 2023"]
[White "Vignesh N R"]
[Black "Hasangatin, Ramil"]
[WhiteFideId "25012215"]
[BlackFideId "4122160"]
[WhiteElo "2804"]
[BlackElo "2683"]
[Result "0-1"]
[Round "8"]
[TimeControl "180+1"]
[Date "2023.11.14"]
[WhiteClock "0:00:23"]
[BlackClock "0:00:04"]
[Board "42"]

1. Nf3 d5 2. g3 Nc6 3. d4 Bf5 4. Bg2 Nb4 5. Na3 e6 6. O-O Nf6 7. c3 Nc6 8. Qb3 Rb8 9. Bg5 Be7 10. Nd2 O-O 11. Rfe1 h6 12. Bxf6 Bxf6 13. e4 dxe4 14. Nxe4 Be7 15. Rad1 Qc8 16. Nc4 Rd8 17. a4 Bf8 18. h4 Ne7 19. Ne5 Nd5 20. Qb5 c6 21. Qe2 Be7 22. Qh5 Rf8 23. Qf3 Nf6 24. Nc5 Qc7 25. g4 Bh7 26. g5 hxg5 27. hxg5 Nd5 28. Ncd7 Bxg5 29. Nxb8 Rxb8 30. Qg3 Bf6 31. Be4 Bxe4 32. Rxe4 Bxe5 33. dxe5 b5 34. axb5 cxb5 35. Kh2 Ne7 36. Qd3 Nf5 37. Kg2 Qc6 38. f3 a5 39. Rh1 Qc5 40. Reh4 Nxh4+ 41. Rxh4 Qxe5 42. Qh7+ Kf8 43. Re4 Qg5+ 44. Rg4 Qd2+ 45. Kg3 Qd6+ 46. Kg2 Qe5 47. Re4 Qg5+ 48. Rg4 Qd2+ 49. Kh3 Qh6+ 50. Qxh6 gxh6 51. Rh4 Kg7 52. Rd4 Kf6 53. Rd7 b4 54. Ra7 bxc3 55. bxc3 Rb3 56. Rxa5 Rxc3 57. Kg3 Kg6 58. Ra6 Rc4 59. Ra8 h5 60. Rg8+ Kf5 61. Rh8 h4+ 62. Kf2 f6 63. Rh5+ Kg6 64. Rh8 e5 65. Kg2 Kf5 66. Rh5+ Kg6 67. Rh8 Kg5 68. Rg8+ Kh6 69. Kh3 Rf4 70. Kg2 h3+ 71. Kg3 Kh7 72. Ra8 Kg6 73. Rh8 Kf5 74. Rh5+ Ke6 75. Rxh3 Rd4 76. Rh8 Rd3 77. Kf2 Kf5 78. Rh4 Kg5 79. Rg4+ Kf5 80. Rg8 Rd4 81. Rg1 Rh4 82. Ke3 Rh3 83. Kf2 Kf4 84. Rg4+ Kf5 85. Ra4 Rh2+ 86. Kg3 Rc2 87. Rb4 Rd2 88. Ra4 Rd3 89. Rb4 Kg5 90. Rg4+ Kf5 91. Ra4 Ke6 92. Ra6+ Rd6 93. Ra4 f5 94. Kf2 f4 95. Ke2 Rb6 96. Ra8 Rb2+ 97. Ke1 Kd5 98. Ra4 Rc2 99. Rb4 Kc5 100. Ra4 Rc4 101. Ra5+ Kd4 102. Kd2 Rb4 103. Ra2 Rb3 104. Ke2 Rc3 105. Kf2 Kd3 106. Ra5 Rc2+ 107. Kf1 Ke3 108. Ra3+ Kd4 109. Ke1 Rc3 110. Ra4+ Ke3 111. Re4+ Kxf3 112. Rxe5 Re3+ 113. Rxe3+ Kxe3 114. Kf1 Kf3 115. Ke1 Kg2 0-1


[Site "https://www.chess.com"]

[Event "Titled Tuesday Blitz November 14 Early 2023"]
[White "Molina, Roberto Junio Brito"]
[Black "Hristodoulou, Panagiotis"]
[WhiteFideId "2109450"]
[BlackFideId "4214340"]
[WhiteElo "2803"]
[BlackElo "2648"]
[Result "0-1"]
[Round "8"]
[TimeControl "180+1"]
[Date "2023.11.14"]
[WhiteClock "0:00:10"]
[BlackClock "0:00:09"]
[Board "43"]

1. d4 Nf6 2. Nf3 e6 3. e3 b6 4. Bd3 Bb7 5. O-O Be7 6. Qe2 d5 7. Nbd2 c5 8. c3 O-O 9. e4 dxe4 10. Nxe4 Nxe4 11. Bxe4 Bxe4 12. Qxe4 Nd7 13. Rd1 Nf6 14. Qe2 Qc7 15. Bg5 Rfd8 16. dxc5 Qxc5 17. c4 h6 18. Be3 Qc7 19. Rac1 Bc5 20. b3 Ng4 21. Bxc5 Qxc5 22. h3 Nf6 23. Qe5 Qxe5 24. Nxe5 Kf8 25. Kf1 Rdc8 26. Ke2 Ke7 27. f4 Rc7 28. Rc3 Rd8 29. Rxd8 Kxd8 30. Rd3+ Ke7 31. g4 Nd7 32. Nf3 Nc5 33. Rd1 Rd7 34. Rxd7+ Nxd7 35. Ke3 Kd6 36. b4 a6 37. Kd4 Nb8 38. a3 Nc6+ 39. Ke4 a5 40. Ne5 Nxe5 41. fxe5+ Kc6 42. h4 axb4 43. axb4 f6 44. Kf4 Kd7 45. g5 hxg5+ 46. hxg5 f5 47. g6 Kc6 48. Ke3 Kc7 49. Kd4 Kc6 50. Kd3 b5 51. cxb5+ Kxb5 52. Kc3 f4 53. Kd4 Kxb4 54. Ke4 Kc4 55. Kf3 Kd4 56. Kxf4 Kd5 0-1


[Site "https://www.chess.com"]

[Event "Titled Tuesday Blitz November 14 Early 2023"]
[White "Materia, Marco"]
[Black "Fromm, Marius"]
[WhiteFideId "45150451"]
[BlackFideId "12993190"]
[WhiteElo "2803"]
[BlackElo "2642"]
[Result "0-1"]
[Round "8"]
[TimeControl "180+1"]
[Date "2023.11.14"]
[WhiteClock "0:01:03"]
[BlackClock "0:00:08"]
[Board "44"]

1. Nf3 c5 2. e3 Nf6 3. d4 e6 4. b3 d5 5. Bb2 Nc6 6. Nbd2 Be7 7. a3 cxd4 8. exd4 O-O 9. Bd3 a6 10. O-O b5 11. Ne5 Bb7 12. f4 Qb6 13. c3 g6 14. Kh1 Rad8 15. Qf3 a5 16. b4 axb4 17. axb4 Ra8 18. Nb3 Rxa1 19. Rxa1 Ra8 20. Rxa8+ Bxa8 21. Nc5 Bxc5 22. dxc5 Qb8 23. Nxc6 Bxc6 24. h3 Ne4 25. Qe3 Qa8 26. Bxe4 dxe4 27. c4 bxc4 28. Qd4 Kf8 29. Qg7+ Ke8 30. Bf6 Bd5 31. Qg8+ Kd7 32. Qxf7+ Kc6 33. Bd4 e3 34. Bxe3 Qa1+ 35. Kh2 Qb2 36. Qe8+ Kc7 37. Qe7+ Kc6 38. Qd6+ Kb5 39. Qd7+ Kxb4 40. Kg3 Qxg2+ 41. Kh4 Qf3 42. Bc1 Qf2+ 43. Kg5 Qg1+ 44. Kh6 Qxc1 45. c6 Qxf4+ 46. Kxh7 Bxc6 47. Qxc6 c3 48. Qb6+ Ka3 49. Qc5+ Kb2 50. Qb5+ Kc1 51. Kxg6 Qf5+ 52. Qxf5 exf5 53. h4 c2 54. h5 Kd2 55. h6 c1=Q 56. h7 Qc3 57. Kxf5 Qh8 58. Kg6 Ke3 0-1


[Site "https://www.chess.com"]

[Event "Titled Tuesday Blitz November 14 Early 2023"]
[White "Stark, Lars"]
[Black "Nazari, Arad"]
[WhiteFideId "4676386"]
[BlackFideId "12577324"]
[WhiteElo "2625"]
[BlackElo "2768"]
[Result "1-0"]
[Round "8"]
[TimeControl "180+1"]
[Date "2023.11.14"]
[WhiteClock "0:00:34"]
[BlackClock "0:00:13"]
[Board "45"]

1. c4 e5 2. g3 c6 3. d4 e4 4. d5 Nf6 5. Nc3 Bb4 6. Bd2 cxd5 7. Nxd5 Nxd5 8. cxd5 Qa5 9. Bxb4 Qxb4+ 10. Qd2 Qxd2+ 11. Kxd2 d6 12. Rc1 Nd7 13. e3 Nb6 14. Bc4 Bd7 15. Ne2 Ke7 16. Bb3 Rhc8 17. Nc3 f5 18. f3 exf3 19. Rhf1 Nc4+ 20. Bxc4 Rxc4 21. Rxf3 Rac8 22. Rf4 b5 23. b3 R4c5 24. Rd4 g6 25. Ne2 a5 26. a3 Kf6 27. b4 axb4 28. axb4 Rxc1 29. Nxc1 Be8 30. Nd3 Bf7 31. Ne1 Ra8 32. h4 Ra2+ 33. Kd3 Rb2 34. Nc2 Ke5 35. Kc3 Rb1 36. g4 Bxd5 37. gxf5 gxf5 38. Rf4 Rb3+ 39. Kd2 Be4 40. Nd4 h6 41. Nxb3 1-0


[Site "https://www.chess.com"]

[Event "Titled Tuesday Blitz November 14 Early 2023"]
[White "Sokolovsky, Yahli"]
[Black "FoxOnTheRun97"]
[WhiteFideId "2820242"]
[WhiteElo "2760"]
[BlackElo "2623"]
[Result "1-0"]
[Round "8"]
[TimeControl "180+1"]
[Date "2023.11.14"]
[WhiteClock "0:00:13"]
[BlackClock "0:00:02"]
[Board "46"]

1. b3 Nf6 2. Bb2 d5 3. e3 Bf5 4. Nf3 e6 5. d4 Be7 6. Bd3 Ne4 7. Nbd2 O-O 8. c3 Nd7 9. Qc2 Ndf6 10. Nh4 Nxf2 11. Nxf5 Nxd3+ 12. Qxd3 exf5 13. Qxf5 g6 14. Qf3 c6 15. O-O-O a5 16. g4 a4 17. g5 Ne4 18. Nxe4 dxe4 19. Qxe4 axb3 20. axb3 Bxg5 21. Rde1 Re8 22. Qf3 Qd5 23. Qxd5 cxd5 24. Kd2 Ra2 25. Kc2 Rxe3 26. Rxe3 Bxe3 27. Re1 Bf4 28. h3 Ra6 29. Re7 Re6 30. Rxb7 Re2+ 31. Kb1 Re3 32. b4 Rxh3 33. b5 h5 34. b6 Re3 35. Rd7 Re6 36. b7 Rb6 37. Kc2 h4 38. Bc1 Bxc1 39. Kxc1 Kg7 40. Rxd5 Rxb7 41. Rg5 f5 42. d5 Kf6 43. Rg1 h3 44. Rh1 Rh7 45. Kd2 g5 46. Ke3 Ke5 47. c4 f4+ 48. Kf3 Kf5 49. d6 g4+ 50. Ke2 g3 51. Kf3 g2 52. Rd1 h2 53. Kxg2 Ke6 54. c5 f3+ 55. Kh1 Kd7 56. Rf1 Kc6 57. Rd1 Rd7 58. Rc1 f2 59. Kxh2 Rf7 60. Kg2 Rf5 61. Kf1 Rd5 62. Kxf2 Kd7 63. Ke3 Kc6 64. Ke4 Rd2 65. Ke5 Re2+ 66. Kf6 Kd7 67. Kf5 Kc6 68. Rc4 Rf2+ 69. Ke4 Re2+ 70. Kd3 Re1 71. Rc2 Re5 72. Kd4 Re1 73. Rd2 Rc1 74. Ke4 Kd7 75. Kd5 Rc3 76. Rd4 Rc1 77. Rf4 Rd1+ 78. Kc4 Kc6 79. Rd4 Rc1+ 80. Kd3 Kd7 81. Rd5 Rd1+ 82. Kc4 Rc1+ 83. Kb5 Rb1+ 84. Ka5 Ra1+ 85. Kb4 Rb1+ 86. Kc3 Rc1+ 87. Kd2 Rc4 88. Kd3 Rc1 89. Ke4 Re1+ 90. Kf5 Rf1+ 91. Kg6 Rg1+ 92. Kf6 Rf1+ 93. Rf5 Re1 94. Kf7 Re2 95. Kg6 Rg2+ 96. Kf6 Re2 97. Re5 Rf2+ 98. Kg5 Rg2+ 99. Kf4 Rf2+ 100. Ke3 Rf1 101. Re7+ Kc6 102. Rc7+ Kd5 103. d7 Re1+ 104. Kd2 Rd1+ 105. Kxd1 Kc4 106. d8=Q 1-0


[Site "https://www.chess.com"]

[Event "Titled Tuesday Blitz November 14 Early 2023"]
[White "Panchenko, Dmitry"]
[Black "Sousa, Andre Ventura"]
[WhiteFideId "4169158"]
[BlackFideId "1917617"]
[WhiteElo "2751"]
[BlackElo "2620"]
[Result "0-1"]
[Round "8"]
[TimeControl "180+1"]
[Date "2023.11.14"]
[WhiteClock "0:00:53"]
[BlackClock "0:00:34"]
[Board "47"]

1. e4 e5 2. Nf3 Nc6 3. Nc3 Nf6 4. d4 exd4 5. Nd5 Nb4 6. Nxf6+ Qxf6 7. a3 Nc6 8. Bd3 h6 9. O-O d6 10. Bb5 Bd7 11. Re1 O-O-O 12. Bxc6 Bxc6 13. Nxd4 Bd7 14. Be3 g6 15. a4 a6 16. Qd3 Bg7 17. c3 Rhe8 18. Nf3 Qe6 19. Bd4 Be5 20. b4 Kb8 21. b5 a5 22. b6 c5 23. Be3 Bc6 24. Rad1 Bxe4 25. Qb5 Bxc3 26. Bd2 Bxd2 27. Rxd2 Bc6 28. Rxe6 Bxb5 29. Rexd6 Rxd6 30. Rxd6 Bxa4 31. Rd5 Bc6 32. Rxc5 a4 33. Ra5 Re2 34. h4 Bxf3 35. gxf3 Ra2 36. h5 gxh5 37. Rxh5 Rb2 38. Rxh6 Kc8 39. Rh4 a3 40. Ra4 a2 41. Kg2 Kd7 42. Kg3 Kc6 43. Kf4 Kxb6 44. Ke5 Kc5 45. f4 b5 46. Ra5 Kb6 0-1


[Site "https://www.chess.com"]

[Event "Titled Tuesday Blitz November 14 Early 2023"]
[White "Korchmar, Vasiliy"]
[Black "Souleidis, Georgios"]
[WhiteFideId "24131750"]
[BlackFideId "4206827"]
[WhiteElo "2750"]
[BlackElo "2617"]
[Result "1-0"]
[Round "8"]
[TimeControl "180+1"]
[Date "2023.11.14"]
[WhiteClock "0:00:10"]
[BlackClock "0:00:00"]
[Board "48"]

1. e4 c5 2. d4 e6 3. d5 exd5 4. exd5 d6 5. Nc3 Nf6 6. Bb5+ Bd7 7. a4 Be7 8. Nf3 O-O 9. h3 Bf5 10. O-O h6 11. Re1 a6 12. Bd3 Bxd3 13. Qxd3 Nbd7 14. Bf4 Re8 15. Nd2 Qc7 16. Nc4 Bf8 17. a5 b5 18. axb6 Nxb6 19. Na5 Rxe1+ 20. Rxe1 Nbxd5 21. Nxd5 Nxd5 22. Qxd5 Qxa5 23. Bd2 Qd8 24. Re3 Ra7 25. Rg3 Qf6 26. Bc3 Qe6 27. Qc6 d5 28. Qa4 d4 29. Bd2 g6 30. Qa5 Rd7 31. Rb3 Qd6 32. Rb6 Qc7 33. Qxa6 Qe5 34. Qc8 Qc7 35. Rb8 Qxc8 36. Rxc8 Kg7 37. Bxh6+ Kxh6 38. Rxf8 c4 39. Kf1 d3 40. cxd3 cxd3 41. Ke1 Rb7 42. Rd8 Rb3 43. h4 f5 44. g3 Kh5 45. f3 Kh6 46. g4 fxg4 47. fxg4 Kg7 48. Kd2 Rxb2+ 49. Kxd3 Rh2 50. Rd7+ Kg8 51. Ke4 Rxh4 52. Kf4 1-0


[Site "https://www.chess.com"]

[Event "Titled Tuesday Blitz November 14 Early 2023"]
[White "Atakhan, Abtin"]
[Black "Vlassov, Nikolai"]
[WhiteFideId "22502203"]
[BlackFideId "4103360"]
[WhiteElo "2746"]
[BlackElo "2613"]
[Result "1-0"]
[Round "8"]
[TimeControl "180+1"]
[Date "2023.11.14"]
[WhiteClock "0:00:02"]
[BlackClock "0:00:09"]
[Board "49"]

1. c4 e5 2. g3 h5 3. Nf3 e4 4. Nd4 h4 5. Bg2 d5 6. cxd5 Qxd5 7. Qa4+ Bd7 8. Nc3 Qc5 9. Nb3 Bxa4 10. Nxc5 Bc6 11. d4 e3 12. Bxc6+ Nxc6 13. Bxe3 hxg3 14. fxg3 O-O-O 15. O-O-O Nf6 16. Nb3 Bb4 17. Bg5 Rd6 18. Rdf1 Nxd4 19. Nxd4 Rxd4 20. Rxf6 gxf6 21. Bxf6 Rhd8 22. Bxd4 Rxd4 23. Kc2 c6 24. Rf1 Rd7 25. Ne4 Kd8 26. a3 Bf8 27. Rd1 Rxd1 28. Kxd1 f5 29. Ng5 Ke7 30. Kc2 Bh6 31. Nf3 Kd6 32. Kd3 Kd5 33. e3 b5 34. Nd4 Bg7 35. b4 Bf8 36. Nxf5 c5 37. e4+ Ke5 38. bxc5 Bxc5 39. h4 Bxa3 40. h5 Bc1 41. h6 Bxh6 42. Nxh6 a5 43. Ng4+ Ke6 44. Ne3 Ke5 45. Ng4+ Ke6 46. Kd4 a4 47. Ne3 a3 48. Nc2 a2 49. g4 b4 50. Na1 Kf6 51. Nb3 Kg5 52. e5 Kxg4 53. e6 Kf3 54. e7 Ke2 55. e8=Q+ Kd1 56. Qe4 a1=Q+ 57. Nxa1 b3 58. Qd3+ Kc1 59. Kc3 b2 60. Qf1# 1-0


[Site "https://www.chess.com"]

[Event "Titled Tuesday Blitz November 14 Early 2023"]
[White "aghasiyevkamal"]
[Black "Aradhya, Garg"]
[BlackFideId "25006746"]
[WhiteElo "2586"]
[BlackElo "2737"]
[Result "1-0"]
[Round "8"]
[TimeControl "180+1"]
[Date "2023.11.14"]
[WhiteClock "0:00:40"]
[BlackClock "0:00:44"]
[Board "50"]

1. e4 e5 2. Nf3 Nc6 3. Bc4 Nf6 4. d3 h6 5. c3 Bc5 6. Nbd2 O-O 7. O-O d6 8. Bb3 a5 9. h3 b5 10. Re1 a4 11. Bc2 Bb6 12. a3 d5 13. exd5 Qxd5 14. Ne4 Nxe4 15. dxe4 Qxd1 16. Rxd1 Be6 17. Bd3 Rfd8 18. Be3 Bxe3 19. fxe3 Rab8 20. Be2 f6 21. Kf2 Kf8 22. Ne1 Ke7 23. Nd3 Na5 24. Nc5 Nb3 25. Nxb3 Bxb3 26. Rxd8 Rxd8 27. Ke1 c6 28. Rc1 g6 29. c4 bxc4 30. Bxc4 Bxc4 31. Rxc4 Rb8 32. Rc2 Kd6 33. Rd2+ Kc7 34. Kd1 Rb3 35. Re2 Kd6 36. Kc2 f5 37. exf5 gxf5 38. Rd2+ Ke6 39. Rd3 Rxd3 40. Kxd3 Kd5 41. e4+ fxe4+ 42. Ke3 Kc4 43. g4 Kb3 44. h4 Kxb2 45. g5 hxg5 46. hxg5 Kxa3 47. g6 Kb2 48. g7 a3 49. g8=Q a2 50. Qb8+ Kc2 51. Qxe5 Kb1 52. Qb8+ Kc2 53. Qa7 Kb1 54. Qb6+ Kc2 55. Qa5 Kb3 56. Kd2 e3+ 57. Kxe3 Kb2 58. Qb4+ Ka1 59. Kd2 c5 60. Qb8 c4 61. Kc1 c3 62. Qb3 c2 63. Qb2# 1-0


[Site "https://www.chess.com"]

[Event "Titled Tuesday Blitz November 14 Early 2023"]
[White "Chernomordik, Pavel"]
[Black "djokovic74"]
[WhiteFideId "2804530"]
[WhiteElo "2538"]
[BlackElo "2728"]
[Result "1/2-1/2"]
[Round "8"]
[TimeControl "180+1"]
[Date "2023.11.14"]
[WhiteClock "0:00:09"]
[BlackClock "0:00:04"]
[Board "51"]

1. e4 e6 2. Nc3 d5 3. d4 Nf6 4. Bg5 dxe4 5. Nxe4 Be7 6. Bxf6 gxf6 7. Nf3 f5 8. Nc3 a6 9. Qe2 b5 10. O-O-O b4 11. Na4 Qd5 12. Kb1 Bd7 13. c4 Qa5 14. Nc5 Bxc5 15. Qe5 Rg8 16. dxc5 Nc6 17. Qe3 O-O-O 18. Nd2 e5 19. Nb3 Qa4 20. g3 f4 21. Qe4 Bg4 22. Rxd8+ Rxd8 23. Be2 f5 24. Qc2 f3 25. h3 Nd4 26. Nxd4 Qxc2+ 27. Kxc2 fxe2 28. hxg4 Rxd4 29. gxf5 e4 30. b3 Rd3 31. Re1 Rf3 32. Rxe2 Rxf5 33. Kd2 Rxc5 34. Rxe4 Ra5 35. c5 Rxa2+ 36. Ke3 a5 37. Re7 Rb2 38. c6 Rxb3+ 39. Kd4 Kb8 40. Rxh7 Rf3 41. Kc5 Rf5+ 42. Kc4 Rxf2 43. Kb5 Ka7 44. Kxa5 b3 45. Rxc7+ Kb8 46. Rb7+ Kc8 47. Rxb3 Kc7 48. Rc3 Rb2 49. Ka4 Rb1 50. g4 Rg1 51. Rc4 Rb1 52. g5 Rg1 53. Rc5 Rb1 54. Ka3 Rb8 55. g6 Rg8 56. Rg5 Kxc6 57. Kb4 Kd6 58. Kc4 Ke6 59. Kd4 Kf6 60. Rg3 Rxg6 61. Rxg6+ Kxg6 1/2-1/2


[Site "https://www.chess.com"]

[Event "Titled Tuesday Blitz November 14 Early 2023"]
[White "Tristan, Leonardo"]
[Black "Remolar Gallen, Jose"]
[WhiteFideId "113816"]
[BlackFideId "2215187"]
[WhiteElo "2725"]
[BlackElo "2469"]
[Result "0-1"]
[Round "8"]
[TimeControl "180+1"]
[Date "2023.11.14"]
[WhiteClock "0:00:05"]
[BlackClock "0:00:09"]
[Board "52"]

1. d4 Nf6 2. Bf4 g6 3. Nc3 d5 4. Nb5 Na6 5. e3 c6 6. Nc3 Nc7 7. h3 Ne6 8. Be5 Bg7 9. Nf3 O-O 10. Bd3 b5 11. a3 a5 12. O-O Ba6 13. Qe2 Qb6 14. Rfc1 Rfd8 15. Rd1 Bh6 16. e4 dxe4 17. Nxe4 Nd5 18. Nc5 Nxc5 19. dxc5 Qxc5 20. Bd4 Qd6 21. g3 Bc8 22. Kg2 c5 23. Be5 Qe6 24. Be4 Qxh3+ 25. Kg1 Bb7 26. Ne1 Qe6 27. Nf3 f5 28. Bxd5 Rxd5 29. Rxd5 Qxd5 30. Kg2 Rd8 31. Re1 g5 32. Qe3 g4 33. Qxh6 Qxf3+ 34. Kf1 Qg2+ 35. Ke2 Qe4+ 36. Kf1 Qh1+ 37. Qxh1 Bxh1 38. b3 a4 39. bxa4 bxa4 40. Bc3 Bf3 41. Rxe7 Rd1+ 42. Be1 Be4 43. Re5 Bxc2 44. Kg2 Be4+ 45. Kf1 c4 46. Re8+ Kf7 47. Re5 c3 48. Ke2 c2 49. Bd2 Bf3+ 50. Kd3 c1=Q 51. Kd4 Qxd2+ 52. Kc5 Qd4+ 53. Kb5 Qxe5+ 54. Kxa4 Rd4+ 55. Kb3 Bd1+ 56. Kb2 Qb5+ 57. Kc1 Qc4+ 58. Kb2 Qc2+ 59. Ka1 Qc1+ 60. Ka2 Rd2# 0-1


[Site "https://www.chess.com"]

[Event "Titled Tuesday Blitz November 14 Early 2023"]
[White "Jamal-Jamal-Jamal"]
[Black "Begmuratov, Alisher"]
[BlackFideId "14203367"]
[WhiteElo "2453"]
[BlackElo "2717"]
[Result "0-1"]
[Round "8"]
[TimeControl "180+1"]
[Date "2023.11.14"]
[WhiteClock "0:02:11"]
[BlackClock "0:01:42"]
[Board "53"]

1. e4 e5 2. Nf3 Nc6 3. d4 exd4 4. Nxd4 Nf6 5. Nxc6 bxc6 6. Qe2 d6 7. Nc3 Be7 8. b3 O-O 9. Bb2 Nd7 10. O-O-O Bf6 11. Kb1 a5 12. a4 Nc5 13. f3 Rb8 14. f4 Qe7 15. g4 Bxc3 16. Bxc3 Nxe4 17. Bb2 d5 18. Bg2 Nc3+ 19. Bxc3 Qxe2 20. Rd2 Qxg4 21. Rg1 Bf5 22. Kb2 Bg6 23. h3 Qxf4 24. h4 Qxh4 0-1


[Site "https://www.chess.com"]

[Event "Titled Tuesday Blitz November 14 Early 2023"]
[White "YouShallNotPass001"]
[Black "Rozman, Levy"]
[BlackFideId "2039877"]
[WhiteElo "2453"]
[BlackElo "2710"]
[Result "1-0"]
[Round "8"]
[TimeControl "180+1"]
[Date "2023.11.14"]
[WhiteClock "0:01:00"]
[BlackClock "0:00:00"]
[Board "54"]

1. Nf3 g6 2. e3 Bg7 3. Be2 f5 4. O-O Nf6 5. d4 O-O 6. c4 d6 7. Nc3 Nc6 8. b4 Nxb4 9. Qb3 Na6 10. c5+ d5 11. Bxa6 bxa6 12. c6 Kh8 13. Ba3 Be6 14. Rab1 Bg8 15. Ne5 Ne4 16. Nxe4 dxe4 17. Qc3 Bxa2 18. Ra1 Bd5 19. Nd7 Rg8 20. Bb4 Be6 21. Nc5 Bc8 22. Nxa6 f4 23. Qc5 f3 24. Qxe7 fxg2 25. Rfc1 Bxa6 26. Rxa6 Qd5 27. Ra5 Qb3 28. Ra3 Qb2 29. Rac3 Rgf8 30. R3c2 Qb3 31. Bc5 a5 32. Qxe4 a4 33. Bxf8 Rxf8 34. Rc3 Qb2 35. Qc2 Qb4 36. Rc4 Qd6 37. Rxa4 Bh6 38. Qc5 Qd8 39. Qe5+ Bg7 40. Qg3 Qe7 41. Ra7 Rc8 42. Rca1 h5 43. Ra8 Rxa8 44. Rxa8+ Kh7 45. Ra7 h4 46. Qxc7 1-0


[Site "https://www.chess.com"]